 Dungeon Crawl Stone Soup version 0.23.0 (webtiles) character file.

Game seed: 13703224181051668686

49179 TheOrbIsALie the Protected (level 14, 0/106 HPs)
             Began as a Gnoll Wanderer on Feb 18, 2019.
             Was a High Priest of Ru.
             Slain by a cyan ugly thing (16 damage)
             ... on level 15 of the Dungeon.
             The game lasted 01:14:55 (23721 turns).

TheOrbIsALie the Protected (Gnoll Wanderer)        Turns: 23721, Time: 01:14:55

Health: 0/106      AC: 11    Str: 14    XL:     14   Next: 49%
Magic:  26/26      EV: 16    Int: 16    God:    Ru [*****.]
Gold:   429        SH:  0    Dex: 16    Spells: 21/29 levels left

rFire    + + .     SeeInvis .   I - +7 lajatang of Order {silver, rMut}
rCold    x x .     Gourm    .   (shield currently unavailable)
rNeg     . . .     Faith    .   y - +2 leather armour "Ahipeiqe" {rPois MR+ rCorr Int-4}
rPois    +         Spirit   .   h - +0 helmet {Int+3}
rElec    .         Reflect  .   G - +0 cloak
rCorr    +         Harm     .   v - +1 pair of gloves
rMut     +         Clarity  +   t - +0 pair of boots (curse)
MR       ++...                  Y - amulet of regeneration
Stlth    +++.......             S - ring of fire
HPRegen  0.67/turn              W - ring of Cutete {rCorr rF++}
MPRegen  0.20/turn

@: heavily drained
A: distributed training, claws 1, fangs 1, clarity, deformed body, screaming 1,
weak 1, unskilled 1, temperature sensitive, strong nose
a: Sacrifice Essence, Sacrifice Experience, Sacrifice Purity, Reject Sacrifices,
Draw Out Power, Power Leap, Apocalypse, Renounce Religion


You were on level 15 of the Dungeon.
You worshipped Ru.
Ru was extremely pleased with you.
You were not hungry.

You visited 3 branches of the dungeon, and saw 19 of its levels.
You also visited: Ossuary.

You collected 2151 gold pieces.
You spent 1722 gold pieces at shops.

Inventory:

Hand Weapons
 b - a +0 hand crossbow
 I - the +7 lajatang of Order (weapon) {silver, rMut}
   (You found it on level 7 of the Dungeon)

   It protects you from mutation.
 T - a +0 longbow of velocity
Missiles
 c - 127 bolts
 d - 403 arrows
 z - 22 tomahawks (quivered)
Armour
 a - a +2 scale mail
 h - a +0 helmet of intelligence (worn)
 t - a cursed +0 pair of boots (worn)
 v - a +1 pair of gloves (worn)
 y - the +2 leather armour "Ahipeiqe" (worn) {rPois MR+ rCorr Int-4}
   (You found it on level 13 of the Dungeon)

   It affects your intelligence (-4).
   It protects you from poison.
   It affects your resistance to hostile enchantments.
   It provides partial protection from all sources of acid and corrosion.
 G - a +0 cloak (worn)
 H - a cursed +0 buckler
 U - a +2 leather armour of positive energy
 X - a +4 plate armour of fire resistance
Jewellery
 i - an uncursed amulet of the acrobat
 r - a cursed ring of poison resistance {unknown}
 A - an uncursed ring of ice
 K - an uncursed ring of wizardry
 Q - a cursed ring of attention {unknown}
 R - an uncursed ring of magical power
 S - a ring of fire (left hand)
 W - the ring of Cutete (right hand) {rCorr rF++}
   (You bought it in a shop on level 2 of the Orcish Mines)

   [ring of resist corrosion]

   It greatly protects you from fire.
 Y - an amulet of regeneration (around neck)
Wands
 e - a wand of iceblast (3)
 L - a wand of flame (13)
Scrolls
 g - 4 scrolls of enchant weapon {unknown}
 j - 25 scrolls of identify
 k - 13 scrolls of remove curse
 l - 10 scrolls of teleportation
 m - 3 scrolls of amnesia {unknown}
 o - 2 scrolls of magic mapping
 q - 2 scrolls of blinking
 u - 3 scrolls of fog
 x - 7 scrolls of immolation {unknown}
 E - a scroll of silence {unknown}
 M - 4 scrolls of vulnerability {unknown}
 N - a scroll of fear {unknown}
Potions
 n - a potion of flight
 p - 3 potions of brilliance
 s - a potion of cancellation
 w - a potion of might
 B - 2 potions of ambrosia {unknown}
 C - 4 potions of curing
 D - 2 potions of lignification
 F - 2 potions of agility {unknown}
 J - 2 potions of mutation
 O - a potion of berserk rage {unknown}
 P - a potion of resistance
 V - 3 potions of magic
 Z - 2 potions of haste {unknown}
Comestibles
 f - 26 rations


   Skills:
 + Level 8.3(6.9) Fighting
 + Level 8.3(6.9) Short Blades
 + Level 8.3(6.9) Long Blades
 + Level 10.2(8.7) Axes
 + Level 8.3(6.9) Maces & Flails
 + Level 8.3(6.9) Polearms
 + Level 8.3(6.9) Staves
 + Level 8.3(6.9) Slings
 + Level 8.3(6.9) Bows
 + Level 8.3(6.9) Crossbows
 + Level 8.7(7.2) Throwing
 + Level 12.3(10.7) Armour
 + Level 8.3(6.9) Dodging
 + Level 8.6(7.2) Stealth
 + Level 8.3(6.9) Shields
 + Level 8.3(6.9) Unarmed Combat
 + Level 8.3(6.9) Spellcasting
 + Level 6.9(5.5) Conjurations
 + Level 6.9(5.5) Hexes
 + Level 6.9(5.5) Charms
 + Level 6.9(5.5) Summonings
 + Level 6.9(5.5) Necromancy
 + Level 6.9(5.5) Translocations
 + Level 6.9(5.5) Transmutations
 + Level 6.9(5.5) Fire Magic
 + Level 6.9(5.5) Ice Magic
 + Level 6.9(5.5) Air Magic
 + Level 6.9(5.5) Earth Magic
 + Level 6.9(5.5) Poison Magic
 + Level 9.1(7.6) Invocations
 + Level 8.3(6.9) Evocations


You had 21 spell levels left.
You knew the following spells:

 Your Spells              Type           Power        Failure   Level  Hunger
a - Tukima's Dance        Hex            ###.....     4%          3    ##.....
b - Yara's Violent Unrav  Hex/Tmut       ###.......   38%         5    #####..

Your spell library contained the following spells:

 Spells                   Type           Power        Failure   Level  Hunger
 Confusing Touch          Hex            ###...       1%          1    None
 Corona                   Hex            ###....      1%          1    None
 Magic Dart               Conj           ###.         1%          1    None
 Ensorcelled Hibernation  Hex/Ice        ###...       2%          2    None
 Searing Ray              Conj           ###...       2%          2    None
 Confuse                  Hex            ###.....     4%          3    ##.....
 Dazzling Spray           Conj/Hex       ###...       4%          3    ##.....
 Gell's Gravitas          Tloc           ###.......   4%          3    ##.....
 Petrify                  Tmut/Erth      ###.....     16%         4    ####...
 Sticky Flame             Conj/Fire      #####...     16%         4    ####...
 Metabolic Englaciation   Hex/Ice        ###.......   38%         5    #####..
 Conjure Ball Lightning   Conj/Air       ###.......   93%         6    #######
 Iron Shot                Conj/Erth      ###.......   93%         6    #######


Dungeon Overview and Level Annotations

Branches:
Dungeon (15/15)            Temple (0/1) D:5            Lair (2/6) D:8
    Orc (2/2) D:11            Elf (0/3) Orc:2        Vaults (0/5) D:13
  Swamp: Lair:2-4    Shoals: Lair:2-4     Snake: Lair:2-4    Spider: Lair:2-4
 Depths: D:15

Altars:
Dithmenos
Ru
Xom
Yredelemnul
Beogh

Shops:
D:7 :   D:8 :   D:12 ((*   Orc:2 ?(?=

Annotations:
D:11 1 exclusion


Innate Abilities, Weirdness & Mutations

Your experience applies equally to all skills.
You have very sharp teeth.
You occasionally shout uncontrollably at your foes.
You are weak. (Str -2)
You are somewhat unskilled. (-1 Apt)
You are sensitive to extremes of temperature. (rF-, rC-)
Your uncanny sense of smell can sniff out nearby items.
You have sharp fingernails.
You possess an exceptional clarity of mind.
Armour fits poorly on your strangely shaped body.


Message History

You barely miss the cyan ugly thing. The cyan ugly thing barely misses you.
You slash the cyan ugly thing!
The silver sears the cyan ugly thing!
The cyan ugly thing is heavily wounded.
The cyan ugly thing barely misses you.
You barely miss the cyan ugly thing.
The cyan ugly thing is moderately wounded.
The cyan ugly thing pecks you. The cyan ugly thing shocks you!
You are too injured to fight recklessly!
You are too injured to fight recklessly!
You are too injured to fight recklessly!
You closely miss the cyan ugly thing.
The cyan ugly thing is moderately wounded.
The cyan ugly thing pecks you! The cyan ugly thing shocks you!
* * * LOW HITPOINT WARNING * * *
You barely miss the cyan ugly thing.
The cyan ugly thing is moderately wounded.
The cyan ugly thing pecks you.
* * * LOW HITPOINT WARNING * * *
The cyan ugly thing shocks you!
You die...

#..^....# #...#####.. #.......#
#......u... #.......# #.#u.....#
####### #.......# #.u..#....
#.....# #.......####.†..#[..#
#.....# #.......##.uu.[(#...$
##.....######.......##)#.####.#.#
.......'...(.........†.#... .#..
##.....######...@u.....####.... #
##.....### #...####...# .##
.........####...####.#.# #
########...†................
############.......## #..#.##.#
#..#.. ... #.....# ## ##.. ..


You could see a cyan ugly thing.

Vanquished Creatures
  Rupert (Orc:2)
  The ghost of Ficoysum the Archer, a journeyman GnWn of Zin (D:14)
  The ghost of Geeful the Fighter, a journeyman NaWr of Cheibriados (D:13)
  An ettin (Orc:1)
  The ghost of Pamiuf the Slicer, a journeyman KoSu of Ru (Lair:2)
  Erolcha (D:10)
  A vault guard (D:13)
  2 centaur warriors
  2 two-headed ogres (D:11)
  3 tengu warriors
  Erica (D:8)
  4 orc high priests
  5 unseen horrors
  2 skeletal warriors (D:12)
  A harpy (D:12)
  8 orc knights
  11 ugly things
  6 orc sorcerers (Orc:2)
  2 deep elf magi
  A manticore (D:11)
  5 cyclopes
  Maurice (Orc:2)
  2 gargoyles
  A guardian serpent (Lair:2)
  Psyche (D:8)
  A spiny frog (Lair:1)
  A kobold demonologist (D:11)
  A yaktaur (D:13)
  3 komodo dragons
  3 trolls
  A hornet (D:13)
  5 hippogriffs
  A wraith (Ossuary)
  3 wyverns
  3 hungry ghosts
  A basilisk (Lair:2)
  4 vampire mosquitoes (D:15)
  An acid dragon (D:11)
  2 wargs (Orc:2)
  6 water moccasins
  5 porcupines
  2 phantoms
  3 sky beasts
  14 orc warriors
  5 ice beasts
  A necrophage (D:7)
  2 crocodiles
  11 ogres
  9 centaurs
  12 bullfrogs
  A big kobold (D:9)
  2 elf skeletons (D:4)
  3 wyvern skeletons
  5 scorpions
  11 killer bees
  A water moccasin skeleton (D:7)
  A troll zombie (D:11)
  12 wights
  6 howler monkeys
  2 electric eels (Lair:1)
  8 crimson imps
  A lava snake (D:13)
  2 quasits
  5 jellies
  A centaur zombie (D:5)
  5 hounds
  11 orc priests
  2 centaur skeletons
  19 orc wizards
  Jessica (D:1)
  2 bullfrog skeletons
  2 iguanas
  A human skeleton (D:4)
  Natasha (D:2)
  A hell rat (D:8)
  7 worker ants
  2 killer bee zombies
  7 ogre zombies (D:11)
  A hound skeleton (D:9)
  3 mummies (Ossuary)
  Robin (D:2)
  A worker ant zombie (D:2)
  8 gnolls
  17 adders
  A river rat (D:8)
  5 shadow imps
  5 oozes (D:10)
  An adder skeleton (D:2)
  3 adder zombies
  3 worms
  3 dart slugs
  7 leopard geckos
  61 orcs
  6 bats
  2 bat skeletons (D:2)
  2 bat zombies (D:2)
  5 giant cockroaches
  A gnoll zombie (Ossuary)
  19 goblins
  6 hobgoblins
  14 jackals
  7 quokkas
  4 ball pythons
  A ball python skeleton (D:2)
  4 frilled lizards
  2 goblin skeletons (D:11)
  6 goblin zombies
  A hobgoblin skeleton (D:11)
  3 hobgoblin zombies
  A jackal skeleton (D:5)
  11 kobolds
  A kobold zombie (Ossuary)
  A leopard gecko skeleton (D:4)
  7 orc skeletons
  14 orc zombies (D:11)
  A quokka skeleton (D:5)
  A quokka zombie (D:7)
  9 rats
  A fungus (Lair:2)
  A plant (Lair:2)
538 creatures vanquished.

Vanquished Creatures (collateral kills)
  A dancing weapon (Orc:2)
  3 orc warriors
4 creatures vanquished.

Vanquished Creatures (others)
  An orc knight (D:14)
  A cyclops (D:14)
  A gargoyle (D:13)
  A troll (Orc:2)
  3 dancing weapons
  A centaur (D:14)
  An orc wizard (D:5)
  An orc priest (Orc:2)
  2 orcs
  A fungus (Lair:2)
13 creatures vanquished.

Grand Total: 555 creatures vanquished

Notes
Turn   | Place    | Note
-------+----------+-------------------------------------------
     0 | D:1      | Reached skill level 10 in Armour
     0 | D:1      | TheOrbIsALie the Gnoll Wanderer began the quest for the
                  | Orb.
     0 | D:1      | TheOrbIsALie set off with the following items: a +2 scale
                  | mail, a +0 hand crossbow, 25 bolts, a +0 hand axe, a ration
     0 | D:1      | Reached XP level 1. HP: 13/13 MP: 1/1
   489 | D:1      | Reached XP level 2. HP: 19/19 MP: 2/2
  1201 | D:2      | Reached XP level 3. HP: 25/25 MP: 3/3
  1288 | D:2      | Found a sacrificial altar of Ru.
  1295 | D:2      | Reached skill level 1 in Fighting
  1295 | D:2      | Reached skill level 1 in Short Blades
  1295 | D:2      | Reached skill level 1 in Long Blades
  1295 | D:2      | Reached skill level 1 in Maces & Flails
  1295 | D:2      | Reached skill level 1 in Polearms
  1295 | D:2      | Reached skill level 1 in Staves
  1295 | D:2      | Reached skill level 1 in Slings
  1295 | D:2      | Reached skill level 1 in Bows
  1295 | D:2      | Reached skill level 1 in Crossbows
  1295 | D:2      | Reached skill level 1 in Dodging
  1295 | D:2      | Reached skill level 1 in Shields
  1295 | D:2      | Reached skill level 1 in Unarmed Combat
  1295 | D:2      | Reached skill level 1 in Spellcasting
  1295 | D:2      | Reached skill level 1 in Invocations
  1295 | D:2      | Reached skill level 1 in Evocations
  1295 | D:2      | Reached XP level 4. HP: 32/32 MP: 5/5
  1332 | D:2      | Became a worshipper of Ru the Awakened
  1533 | D:2      | Noticed Robin
  1551 | D:2      | Reached skill level 1 in Conjurations
  1551 | D:2      | Reached skill level 1 in Hexes
  1551 | D:2      | Reached skill level 1 in Charms
  1551 | D:2      | Reached skill level 1 in Summonings
  1551 | D:2      | Reached skill level 1 in Necromancy
  1551 | D:2      | Reached skill level 1 in Translocations
  1551 | D:2      | Reached skill level 1 in Transmutations
  1551 | D:2      | Reached skill level 1 in Fire Magic
  1551 | D:2      | Reached skill level 1 in Ice Magic
  1551 | D:2      | Reached skill level 1 in Air Magic
  1551 | D:2      | Reached skill level 1 in Earth Magic
  1551 | D:2      | Reached skill level 1 in Poison Magic
  1591 | D:2      | Noticed Jessica
  1616 | D:1      | Killed Jessica
  1616 | D:1      | Reached XP level 5. HP: 6/37 MP: 5/7
  1987 | D:2      | Killed Robin
  2099 | D:2      | Noticed Natasha
  2103 | D:2      | Killed Natasha
  2392 | D:3      | Reached XP level 6. HP: 44/44 MP: 8/8
  2589 | D:3      | Gained mutation: You are sensitive to extremes of
                  | temperature. (rF-, rC-) [Ru sacrifice]
  2589 | D:3      | Reached * piety under Ru
  2589 | D:3      | Reached ** piety under Ru
  3304 | D:4      | Found a sand-covered staircase.
  3323 | D:4      | Reached XP level 7. HP: 22/50 MP: 10/10
  3376 | Ossuary  | Entered an ossuary
  3376 | Ossuary  | Noticed a wraith
  3376 | Ossuary  | Noticed a wraith
  3376 | Ossuary  | Noticed a wraith
  3546 | Ossuary  | Noticed a wraith
  3559 | Ossuary  | Killed a wraith
  4276 | D:4      | Reached XP level 8. HP: 15/57 MP: 12/12
  4616 | D:5      | Entered Level 5 of the Dungeon
  4635 | D:5      | Found a staircase to the Ecumenical Temple.
  4916 | D:5      | Gained mutation: You occasionally shout uncontrollably at
                  | your foes. [Ru sacrifice]
  4916 | D:5      | Reached *** piety under Ru
  6412 | D:6      | Reached skill level 11 in Armour
  6412 | D:6      | Reached XP level 9. HP: 24/65 MP: 14/14
  6800 | D:6      | Found a shimmering altar of Xom.
  6800 | D:6      | Found a shimmering altar of Xom.
  6804 | D:6      | Found a shimmering altar of Xom.
  7442 | D:7      | Reached skill level 5 in Throwing
  7496 | D:7      | Gained mutation: You are somewhat unskilled. (-1 Apt) [Ru
                  | sacrifice]
  7496 | D:7      | Reduced skill Armour to level 10
  7496 | D:7      | Reached **** piety under Ru
  7502 | D:7      | Found Dafid's Book Shop.
  7582 | D:7      | Found the +7 lajatang of Order {silver, rMut}
  8190 | D:7      | HP: 1/65 [wight/+4 great sword (3)]
  8523 | D:8      | Noticed Psyche
  8537 | D:8      | Found a staircase to the Lair.
  8537 | D:8      | Noticed a death yak
  8537 | D:8      | Noticed a death yak
  8576 | D:8      | Noticed Erica
  8685 | D:8      | Killed Erica
  8685 | D:8      | Reached skill level 5 in Throwing
  8685 | D:8      | Reached XP level 10. HP: 43/73 MP: 16/16
  8690 | D:8      | Reached skill level 5 in Stealth
  8695 | D:8      | Gained mutation: Armour fits poorly on your strangely
                  | shaped body. [potion of mutation]
  8695 | D:8      | Gained mutation: You possess an exceptional clarity of
                  | mind. [potion of mutation]
  8695 | D:8      | Gained mutation: You have sharp fingernails. [potion of
                  | mutation]
  8717 | D:8      | Found Nogroxu's Book Emporium.
  8915 | D:8      | Reached skill level 5 in Invocations
  9198 | Lair:1   | Entered Level 1 of the Lair of Beasts
  9200 | Lair:1   | Got an iridescent dagger
  9286 | Lair:1   | Identified the cursed +2 dagger of Analysis {antimagic,
                  | rElec rPois} (You found it on level 1 of the Lair of
                  | Beasts)
  9368 | Lair:1   | Noticed a spiny frog
  9443 | D:8      | Found a basalt altar of Yredelemnul.
  9912 | D:9      | Learned a level 3 spell: Tukima's Dance
  9918 | D:9      | Learned a level 5 spell: Yara's Violent Unravelling
 10105 | D:9      | Gained mutation: You are weak. (Str -2) [Ru sacrifice]
 10105 | D:9      | Reached ***** piety under Ru
 10283 | D:9      | Reached skill level 5 in Fighting
 10283 | D:9      | Reached skill level 5 in Short Blades
 10283 | D:9      | Reached skill level 5 in Long Blades
 10283 | D:9      | Reached skill level 5 in Maces & Flails
 10283 | D:9      | Reached skill level 5 in Polearms
 10283 | D:9      | Reached skill level 5 in Staves
 10283 | D:9      | Reached skill level 5 in Slings
 10283 | D:9      | Reached skill level 5 in Bows
 10283 | D:9      | Reached skill level 5 in Crossbows
 10283 | D:9      | Reached skill level 5 in Dodging
 10283 | D:9      | Reached skill level 5 in Shields
 10283 | D:9      | Reached skill level 5 in Unarmed Combat
 10283 | D:9      | Reached skill level 5 in Spellcasting
 10283 | D:9      | Reached skill level 5 in Evocations
 10577 | D:10     | Entered Level 10 of the Dungeon
 10594 | D:10     | Noticed Erolcha
 10599 | D:10     | Killed Erolcha
 10599 | D:10     | Reached XP level 11. HP: 70/80 MP: 18/18
 10996 | D:8      | Killed Psyche
 11423 | D:10     | Noticed an unseen horror
 11444 | D:10     | Killed an unseen horror
 12547 | D:11     | Noticed a two-headed ogre
 12548 | D:11     | Found a staircase to the Orcish Mines.
 12550 | D:11     | Noticed a cyclops
 12553 | D:11     | Killed a two-headed ogre
 12553 | D:11     | Reached skill level 11 in Armour
 12595 | D:11     | Killed a cyclops
 12613 | D:11     | Noticed a manticore
 13093 | D:11     | Killed a manticore
 13688 | D:11     | Killed an unseen horror
 13849 | D:11     | Killed an unseen horror
 13849 | D:11     | Reached skill level 5 in Conjurations
 13849 | D:11     | Reached skill level 5 in Hexes
 13849 | D:11     | Reached skill level 5 in Charms
 13849 | D:11     | Reached skill level 5 in Summonings
 13849 | D:11     | Reached skill level 5 in Necromancy
 13849 | D:11     | Reached skill level 5 in Translocations
 13849 | D:11     | Reached skill level 5 in Transmutations
 13849 | D:11     | Reached skill level 5 in Fire Magic
 13849 | D:11     | Reached skill level 5 in Ice Magic
 13849 | D:11     | Reached skill level 5 in Air Magic
 13849 | D:11     | Reached skill level 5 in Earth Magic
 13849 | D:11     | Reached skill level 5 in Poison Magic
 13860 | D:11     | Noticed a two-headed ogre
 13869 | D:11     | Killed a two-headed ogre
 13869 | D:11     | Reached XP level 12. HP: 24/88 MP: 21/21
 14651 | D:11     | Noticed a rakshasa
 14956 | Orc:1    | Entered Level 1 of the Orcish Mines
 15023 | Orc:1    | Noticed an ettin
 15130 | Orc:2    | Entered Level 2 of the Orcish Mines
 15136 | Orc:2    | Noticed a soul eater
 15225 | Orc:2    | Paralysed by an orc sorcerer for 7 turns
 15365 | Orc:2    | Noticed Maurice
 15380 | Orc:2    | Killed Maurice
 15513 | Orc:2    | Noticed a sun demon
 15973 | Orc:2    | Found a staircase to the Elven Halls.
 16462 | Orc:2    | Noticed Rupert
 16545 | Orc:2    | Killed Rupert
 16640 | Orc:2    | Noticed an orc high priest
 16648 | Orc:2    | Killed an orc high priest
 16842 | Orc:2    | Noticed an orc high priest
 16876 | Orc:2    | Killed an orc high priest
 17114 | Orc:2    | Noticed an orc high priest
 17121 | Orc:2    | Killed an orc high priest
 17121 | Orc:2    | Reached XP level 13. HP: 69/96 MP: 12/23
 17540 | Orc:2    | Found Ojahon Wufe's Jewellery Shop.
 17540 | Orc:2    | Found Xoni's Magic Scroll Shop.
 17541 | Orc:2    | Found Soabopa's Magic Scroll Shoppe.
 17541 | Orc:2    | Found Milec's Weapon Shoppe.
 17549 | Orc:2    | Bought the ring of Cutete {rCorr rF++} for 756 gold pieces
 17553 | Orc:2    | Bought an uncursed amulet of regeneration for 510 gold
                  | pieces
 17557 | Orc:2    | Bought a scroll of blinking for 112 gold pieces
 17557 | Orc:2    | Bought a scroll of remove curse for 45 gold pieces
 17557 | Orc:2    | Bought a scroll of magic mapping for 52 gold pieces
 17557 | Orc:2    | Bought a scroll of fog for 30 gold pieces
 17567 | Orc:2    | Bought a scroll of random uselessness for 15 gold pieces
 17567 | Orc:2    | Bought a scroll of noise for 15 gold pieces
 17822 | Orc:1    | Killed an ettin
 18975 | Lair:2   | Found a runed translucent gate.
 18975 | Lair:2   | Found a runed translucent gate.
 18975 | Lair:2   | Found a runed translucent gate.
 18979 | Lair:2   | Noticed Pamiuf's ghost (journeyman KoSu)
 18994 | Lair:2   | Killed Pamiuf's ghost
 19494 | D:12     | Found Syettoco's Assorted Antiques.
 19497 | D:12     | Bought a pair of glowing gloves for 187 gold pieces
 19770 | D:12     | Found Riah's Weapon Boutique.
 20184 | D:12     | Found Lajoli's Antique Weapon Shoppe.
 20372 | D:12     | Found a shadowy altar of Dithmenos.
 20880 | D:13     | Found a gate to the Vaults.
 20880 | D:13     | Noticed a vault guard
 20901 | D:13     | Killed a vault guard
 21153 | D:13     | Identified the Compendium of Arcane Weapons
 21184 | D:13     | Found a runed translucent door.
 21193 | D:13     | Noticed Geeful's ghost (journeyman NaWr)
 21266 | D:13     | Reached skill level 12 in Armour
 21678 | D:14     | Found a gate leading to a gauntlet.
 22039 | D:14     | Found a runed translucent gate.
 22040 | D:14     | Found a runed translucent gate.
 22041 | D:14     | Found a runed translucent gate.
 22043 | D:14     | Noticed Ficoysum's ghost (journeyman GnWn)
 22168 | D:14     | Identified the +5 battleaxe of Qylutuem {chop, Str+6 Int+2}
 22206 | D:14     | Reached XP level 14. HP: 104/104 MP: 25/25
 22293 | D:14     | Found a roughly hewn altar of Beogh.
 22310 | D:14     | Reached skill level 10 in Axes
 22527 | D:14     | Killed Ficoysum's ghost
 23084 | D:13     | Killed Geeful's ghost
 23098 | D:13     | Got a warped leather armour
 23113 | D:13     | Identified the +2 leather armour "Ahipeiqe" {rPois MR+
                  | rCorr Int-4} (You found it on level 13 of the Dungeon)
 23192 | D:15     | Entered Level 15 of the Dungeon
 23721 | D:15     | Slain by a cyan ugly thing

Skill      XL: |  1  2  3  4  5  6  7  8  9 10 11 12 13 14 |
---------------+-------------------------------------------+-----
Armour         | 11 10 11 12 | 12.3
Fighting       | 1 2 3 4 5 6 7 8 |  8.3
Short Blades   | 1 2 3 4 5 6 7 8 |  8.3
Long Blades    | 1 2 3 4 5 6 7 8 |  8.3
Maces & Flails | 1 2 3 4 5 6 7 8 |  8.3
Polearms       | 1 2 3 4 5 6 7 8 |  8.3
Staves         | 1 2 3 4 5 6 7 8 |  8.3
Slings         | 1 2 3 4 5 6 7 8 |  8.3
Bows           | 1 2 3 4 5 6 7 8 |  8.3
Crossbows      | 1 2 3 4 5 6 7 8 |  8.3
Dodging        | 1 2 3 4 5 6 7 8 |  8.3
Shields        | 1 2 3 4 5 6 7 8 |  8.3
Unarmed Combat | 1 2 3 4 5 6 7 8 |  8.3
Spellcasting   | 1 2 3 4 5 6 7 8 |  8.3
Invocations    | 1 2 3 4 5 6 7 8 9 |  9.1
Evocations     | 1 2 3 4 5 6 7 8 |  8.3
Conjurations   | 1 2 3 4 5 6 |  6.9
Hexes          | 1 2 3 4 5 6 |  6.9
Charms         | 1 2 3 4 5 6 |  6.9
Summonings     | 1 2 3 4 5 6 |  6.9
Necromancy     | 1 2 3 4 5 6 |  6.9
Translocations | 1 2 3 4 5 6 |  6.9
Transmutations | 1 2 3 4 5 6 |  6.9
Fire Magic     | 1 2 3 4 5 6 |  6.9
Ice Magic      | 1 2 3 4 5 6 |  6.9
Air Magic      | 1 2 3 4 5 6 |  6.9
Earth Magic    | 1 2 3 4 5 6 |  6.9
Poison Magic   | 1 2 3 4 5 6 |  6.9
Throwing       | 3 4 5 6 7 8 |  8.7
Stealth        | 3 4 5 6 7 8 |  8.6
Axes           | 7 8 9 10 | 10.2

Action                   |  1- 3 |  4- 6 |  7- 9 | 10-12 | 13-15 || total
-------------------------+-------+-------+-------+-------+-------++-------
Melee: Hand axe          |       |     1 |   106 |       |       ||   107
       Bite              |       |     1 |    60 |    49 |    55 ||   165
       Punch             |       |       |     6 |       |       ||     6
       Morningstar       |       |       |   328 |       |       ||   328
       Lajatang          |       |       |    50 |   464 |   577 ||  1091
 Fire: Hand crossbow     |    58 |   258 |    32 |       |       ||   348
       Shortbow          |       |       |       |    12 |     6 ||    18
Throw: Tomahawk          |       |       |     7 |    19 |    11 ||    37
 Cast: Tukima's Dance    |       |       |       |    10 |    13 ||    23
       Yara's Violent Un |       |       |       |     3 |     1 ||     4
Invok: Sacrifice Resista |       |     1 |       |       |       ||     1
       Sacrifice Purity  |       |       |     1 |     1 |       ||     2
       Sacrifice Skill   |       |       |     1 |       |       ||     1
       Apocalypse        |       |       |       |     8 |    12 ||    20
       Reject Sacrifices |       |       |       |     1 |       ||     1
       Draw Out Power    |       |       |       |       |     1 ||     1
Evoke: Wand              |       |       |     3 |    56 |    24 ||    83
  Use: Potion            |       |       |     8 |     9 |     7 ||    24
       Scroll            |       |       |       |     4 |     2 ||     6
 Stab: Invisible         |       |       |     3 |     9 |     5 ||    17
       Distracted        |       |       |     2 |     2 |     6 ||    10
       Sleeping          |       |       |     1 |     2 |     8 ||    11
       Paralysed         |       |       |     3 |    11 |     5 ||    19
  Eat: Chunk             |       |     7 |    14 |    21 |    15 ||    57
       Ration            |       |       |     2 |     5 |     2 ||     9
Armor: Scale mail        |    10 |   114 |   250 |   135 |       ||   509
       Skin              |       |       |       |     4 |    21 ||    25
       Leather armour    |       |       |       |    20 |   196 ||   216
Dodge: Dodged            |     9 |   131 |   334 |   343 |   397 ||  1214
